 Dungeon Crawl Stone Soup version 0.26-a0-663-g36e8fdb655 (webtiles) character file.

Game seed: 17622102938741044892

175 jiml777 the Grasshopper (level 5, -1/43 HPs)
             Began as a Gnoll Warper on Oct 11, 2020.
             Was an Initiate of Gozag.
             Slain by a wight
             ... wielding a cursed +5 falchion
              (2 damage)
             ... on level 4 of the Dungeon on Oct 12, 2020.
             The game lasted 00:19:52 (3603 turns).

jiml777 the Grasshopper (Gnoll Warper)              Turns: 3603, Time: 00:19:53

Health: -1/43      AC: 13    Str: 13    XL:     5   Next: 55%
Magic:  12/12      EV: 14    Int: 16    God:    Gozag
Gold:   330        SH:  0    Dex: 15    Spells: 12/14 levels left

rFire    . . .     SeeInvis .   A - +1 dagger (protect)
rCold    . . .     Faith    .   (no shield)
rNeg     . . .     Spirit   .   v - +2 animal skin
rPois    .         Reflect  .   w - +0 helmet
rElec    .         Harm     .   n - +0 cloak
rCorr    .         Rampage  .   (no gloves)
MR       .....                  (no boots)
Stlth    ++........             (no amulet)
HPRegen  0.14/turn              (no ring)
MPRegen  0.13/turn              (no ring)

@: lethally poisoned (-1 -> -24), gold aura, protection aura, drained
A: distributed training, fangs 1, strong nose
a: Potion Petition, Call Merchant, Bribe Branch, Renounce Religion


You were on level 4 of the Dungeon.
You worshipped Gozag.
Gozag was aware of your devotion.
You visited 1 branch of the dungeon, and saw 4 of its levels.

You collected 389 gold pieces.
You paid 59 gold pieces to Gozag.

Inventory:

Hand Weapons
 a - a +0 spear
 A - a +1 dagger of protection (weapon)
Missiles
 e - 5 boomerangs of dispersal (quivered)
 f - 87 arrows
 l - 29 sling bullets
 C - 20 bolts
 E - 3 boomerangs
Armour
 b - a +0 leather armour
 g - a +0 ring mail
 n - a +0 cloak (worn)
 v - a +2 animal skin (worn)
 w - a +0 helmet (worn)
 G - a +0 scale mail
Jewellery
 k - a cursed ring of attention {unknown}
Wands
 p - a wand of disintegration (10)
 u - a wand of polymorph (7)
Scrolls
 c - a scroll of immolation
 d - a scroll of blinking
 m - 2 scrolls of magic mapping {unknown}
 t - 2 scrolls of amnesia {unknown}
 y - a scroll of enchant weapon {unknown}
 z - a scroll of fog {unknown}
 B - a scroll of teleportation {unknown}
 F - a scroll of noise {unknown}
 H - a scroll of remove curse {unknown}
 J - a scroll of identify
Potions
 h - a potion of magic
 i - a potion of lignification
 j - 2 potions of resistance
 o - 2 potions of mutation
 q - a potion of haste
 r - a potion of brilliance
 s - 2 potions of curing
 x - a potion of berserk rage
 D - a potion of flight {unknown}


   Skills:
 + Level 4.8(3.8) Fighting
 + Level 1.5(0.7) Short Blades
 + Level 1.5(0.7) Long Blades
 + Level 1.5(0.7) Axes
 + Level 1.5(0.7) Maces & Flails
 + Level 4.8(3.8) Polearms
 + Level 1.5(0.7) Staves
 + Level 1.5(0.7) Slings
 + Level 1.5(0.7) Bows
 + Level 1.5(0.7) Crossbows
 + Level 3.0(2.1) Throwing
 + Level 3.0(2.1) Armour
 + Level 4.8(3.8) Dodging
 + Level 1.5(0.7) Stealth
 + Level 1.5(0.7) Shields
 + Level 1.5(0.7) Unarmed Combat
 + Level 5.2(4.2) Spellcasting
 + Level 1.2(0.4) Conjurations
 + Level 1.2(0.4) Hexes
 + Level 1.2(0.4) Summonings
 + Level 1.2(0.4) Necromancy
 + Level 5.5(4.6) Translocations
 + Level 1.2(0.4) Transmutations
 + Level 1.2(0.4) Fire Magic
 + Level 1.2(0.4) Ice Magic
 + Level 1.2(0.4) Air Magic
 + Level 1.2(0.4) Earth Magic
 + Level 1.2(0.4) Poison Magic
 + Level 1.7(0.9) Invocations
 + Level 1.5(0.7) Evocations


You had 12 spell levels left.
You knew the following spells:

 Your Spells              Type           Power        Failure   Level
a - Blink                 Tloc           N/A          3%          2

Your spell library contained the following spells:

 Spells                   Type           Power        Failure   Level
 Gell's Gravitas          Tloc           ###.......   8%          3
 Lesser Beckoning         Tloc           ###.......   8%          3
 Teleport Other           Tloc           ###.....     8%          3
 Passage of Golubria      Tloc           N/A          24%         4


Dungeon Overview and Level Annotations

Branches:
Dungeon (4/15)             Temple (0/1) D:4

Altars:
Ashenzari
Gozag


Innate Abilities, Weirdness & Mutations

Your experience applies equally to all skills.
You have very sharp teeth.
Your uncanny sense of smell can sniff out nearby items.


Message History

The orc closely misses you.
You completely miss the orc.
The orc is moderately wounded.
You feel sick. The wight barely misses you. The orc completely misses you.
You hit the orc.
You kill the orc!
You feel sick.
The wight hits you from afar with a cursed +1 halberd of venom!
You feel drained.
You are lethally poisoned!
You closely miss the wight.
You feel sick. The wight misses you.
You hit the wight but do no damage.
You feel sick.
The wight hits you from afar with a cursed +1 halberd of venom.
* * * LOW HITPOINT WARNING * * *
You feel drained.
The wight hits you with a cursed +5 falchion!
* * * LOW HITPOINT WARNING * * *
You feel drained.
You die...
Your body crumbles into a pile of gold.

#...##.##o##
#...#....z..
##<..z......
#z.#..⌠...z
#z##o....z.
##.......>..
#.o.#.......
####zoz#=.⌠...⌠
#.@zo#.........
#.######.......
## #.##. .# # ∆


You could see 3 wights, an orc wizard and 3 orcs.

Vanquished Creatures
  Robin (D:2)
  4 gnolls (D:2)
  2 adders (D:2)
  An adder skeleton (D:3)
  A dart slug (D:3)
  3 leopard geckos
  10 orcs
  5 giant cockroaches
  9 goblins
  16 hobgoblins
  3 jackals (D:2)
  4 quokkas
  2 ball pythons (D:2)
  6 bats
  3 frilled lizards (D:3)
  6 kobolds
  8 rats
84 creatures vanquished.

Notes
Turn   | Place    | Note
-------+----------+-------------------------------------------
     0 | D:1      | jiml777 the Gnoll Warper began the quest for the Orb.
     0 | D:1      | Reached XP level 1. HP: 20/20 MP: 6/6
   173 | D:1      | Reached XP level 2. HP: 23/26 MP: 7/7
   743 | D:2      | Reached XP level 3. HP: 14/31 MP: 9/9
   787 | D:2      | Reached skill level 5 in Spellcasting
   794 | D:2      | Reached skill level 1 in Invocations
   796 | D:2      | Reached skill level 1 in Short Blades
   796 | D:2      | Reached skill level 1 in Long Blades
   796 | D:2      | Reached skill level 1 in Axes
   796 | D:2      | Reached skill level 1 in Maces & Flails
   796 | D:2      | Reached skill level 1 in Staves
   796 | D:2      | Reached skill level 1 in Slings
   796 | D:2      | Reached skill level 1 in Bows
   796 | D:2      | Reached skill level 1 in Crossbows
   796 | D:2      | Reached skill level 1 in Stealth
   796 | D:2      | Reached skill level 1 in Shields
   796 | D:2      | Reached skill level 1 in Unarmed Combat
   796 | D:2      | Reached skill level 1 in Evocations
   797 | D:2      | Reached XP level 4. HP: 13/38 MP: 11/11
  1432 | D:2      | Reached skill level 1 in Conjurations
  1432 | D:2      | Reached skill level 1 in Hexes
  1432 | D:2      | Reached skill level 1 in Summonings
  1432 | D:2      | Reached skill level 1 in Necromancy
  1432 | D:2      | Reached skill level 1 in Transmutations
  1432 | D:2      | Reached skill level 1 in Fire Magic
  1432 | D:2      | Reached skill level 1 in Ice Magic
  1432 | D:2      | Reached skill level 1 in Air Magic
  1432 | D:2      | Reached skill level 1 in Earth Magic
  1432 | D:2      | Reached skill level 1 in Poison Magic
  1576 | D:2      | Noticed Robin
  1605 | D:2      | Killed Robin
  1628 | D:2      | Reached XP level 5. HP: 25/43 MP: 12/12
  2351 | D:3      | Found an opulent altar of Gozag.
  2359 | D:3      | Became a worshipper of Gozag Ym Sagoz the Greedy
  2523 | D:3      | Found a broken altar of Ashenzari.
  2981 | D:3      | Learned a level 2 spell: Blink
  3338 | D:4      | Found a staircase to the Ecumenical Temple.
  3340 | D:4      | Noticed an ogre
  3603 | D:4      | HP: 1/43 [wight/cursed +5 falchion (7)]
  3603 | D:4      | Slain by a wight

Illustrated notes

Levels and vault maps discovered:
D:1:      evilmike_arrival_home_sweet_home, layout_basic,
          minmay_misc_feat_four_crosses
D:2:      layout_basic, uniq_robin
D:3:      layout_loops_ring, grunt_gozag_statues, evilmike_ruin_ashenzari
D:4:      layout_rooms, lemuel_coloured_pillars_altar, led_sif_pool,
          vehumet_altar_wand_db, minmay_temple_entry_large_hall, serial_shops,
          shop, nicolae_shop_crystal, shop, shop, shop, minmay_pentangle

Skill      XL: |  1  2  3  4  5 |
---------------+----------------+-----
Spellcasting   | 5 |  5.2
Invocations    | 1 |  1.7
Short Blades   | 1 |  1.5
Long Blades    | 1 |  1.5
Axes           | 1 |  1.5
Maces & Flails | 1 |  1.5
Staves         | 1 |  1.5
Slings         | 1 |  1.5
Bows           | 1 |  1.5
Crossbows      | 1 |  1.5
Stealth        | 1 |  1.5
Shields        | 1 |  1.5
Unarmed Combat | 1 |  1.5
Evocations     | 1 |  1.5
Conjurations   | 1 |  1.2
Hexes          | 1 |  1.2
Summonings     | 1 |  1.2
Necromancy     | 1 |  1.2
Transmutations | 1 |  1.2
Fire Magic     | 1 |  1.2
Ice Magic      | 1 |  1.2
Air Magic      | 1 |  1.2
Earth Magic    | 1 |  1.2
Poison Magic   | 1 |  1.2
Throwing       | 3 |  3.0
Armour         | 3 |  3.0
Fighting       | |  4.8
Polearms       | |  4.8
Dodging        | |  4.8
Translocations | |  5.5

Action                   |  1- 3 |  4- 6 || total
-------------------------+-------+-------++-------
Melee: Spear             |    84 |   202 ||   286
       Bite              |    13 |    28 ||    41
       Dagger            |       |   111 ||   111
Throw: Dart              |       |     3 ||     3
 Cast: Blink             |       |     2 ||     2
Evoke: Wand              |     6 |     1 ||     7
  Use: Scroll            |       |     9 ||     9
 Stab: Sleeping          |       |     3 ||     3
Armor: Ring mail         |    36 |    35 ||    71
       Animal skin       |       |    45 ||    45
Dodge: Dodged            |    58 |   197 ||   255

Table legend: (Time is in decaauts)
 A = Elapsed time spent in this place.
 B = Non-inter-level travel time spent in this place.
 C = Inter-level travel time spent in this place.
 D = Time resting spent in this place.
 E = Time spent auto-exploring this place.
 F = Levels seen in this place.
 G = Mean time per level.
                   A        B        C        D        E       F      G
               +--------+--------+--------+--------+--------+-----+--------+
         Total |   3557 |   3484 |     73 |    700 |   1278 |   4 |  889.2 |
       Dungeon |   3557 |   3484 |     73 |    700 |   1278 |   4 |  889.2 |
               +--------+--------+--------+--------+--------+-----+--------+

Top non-repeatable levels by time:
     D:2: 1666 daAuts
     D:3: 1183 daAuts
     D:1: 664 daAuts
     D:4: 43 daAuts
